[Event "Late-Titled-Tuesday-Blitz-May-28-2024"]
[Site "Chess.com"]
[Date "2024.05.28"]
[Round "8"]
[White "Hakiki_satranc"]
[Black "BabageldiAnnaberdiyev"]
[Result "1-0"]
[WhiteElo "2420"]
[BlackElo "2575"]
[TimeControl "180+1"]
[EndTime "15:29:08 PDT"]
[Termination "Hakiki_satranc won by checkmate"]

1. e4 e6 2. d4 d5 3. Nd2 Nf6 4. e5 Nfd7 5. Bd3 c5 6. c3 Nc6 7. Ne2 cxd4 8. cxd4 Qb6 9. Nf3 f6 10. exf6 Nxf6 11. O-O Bd6 12. Bf4 Bxf4 13. Nxf4 O-O 14. Ng5 Nxd4 15. Qh5 Nf5 16. Bxf5 exf5 17. Qd1 Rd8 18. Re1 h6 19. Nge6 Bxe6 20. Rxe6 Rd6 21. Rxf6 gxf6 22. Qh5 Qc7 23. Re1 Qf7 24. Qxf5 Re8 25. Qg4+ Kh7 26. Qf5+ Kh8 27. Rd1 d4 28. h4 Rg8 29. h5 Rg5 30. Qc8+ Qg8 31. Qc7 Rdd5 32. Ng6+ Rxg6 33. hxg6 Rg5 34. Rxd4 Rxg6 35. Rd8 Rxg2+ 36. Kf1 Rg1+ 37. Ke2 Rg7 38. Rxg8+ Kxg8 39. Qb8+ Kf7 40. Qxa7 Kg6 41. Qb6 h5 42. Qd4 Re7+ 43. Kf3 Re5 44. Qd3+ Kg5 45. Qd2+ Kf5 46. Qc2+ Kg5 47. Qc1+ Kf5 48. Qc8+ Kg5 49. Qxb7 h4 50. Qg7+ Kf5 51. Qg4# 1-0

[Event "Late-Titled-Tuesday-Blitz-May-28-2024"]
[Site "Chess.com"]
[Date "2024.05.28"]
[Round "8"]
[White "Flaccidmoves"]
[Black "PhileKhoob"]
[Result "1-0"]
[WhiteElo "2500"]
[BlackElo "2327"]
[TimeControl "180+1"]
[EndTime "15:29:08 PDT"]
[Termination "Flaccidmoves won by resignation"]

1. e4 c6 2. d3 d5 3. Nd2 e5 4.
Ngf3 Bd6 5. g3 Nf6 6. Bg2 Be6 7. O-O O-O 8. Re1 Nbd7 9. c3 dxe4 10. Nxe4 Nxe4 11.
dxe4 Bc7 12. Be3 Nb6 13. b3 Qe7 14. a4 Rfd8 15. Qc2 a5 16. Nh4 f6 17. Nf5 Qf7 18. c4 Nc8 19. Rab1 Nd6 20. c5 Nxf5 21. exf5 Bd5 22. Be4 Bxe4 23. Qxe4 Rd5 24. b4 axb4 25. Red1 Rad8 26. Rxd5 cxd5 27. Qxb4 d4 28. Bd2 Rb8 29.
c6 b6 30. a5 Qd5 31. Qe7 Qxc6 32. Rc1 Qd6 33. Rxc7 Qxe7 34. Rxe7 bxa5 35. Bxa5 Rb5 36. Bd2 Rb2 37. Ba5 Ra2 38. Bb6 Rc2 39. Rd7 h6 40. Kf1 Rb2 41. Bc5 Rc2 42. Be7 Rc3 43. Ke2 Rc2+ 44. Kf3 Rc3+ 45. Ke4 Rc2 46. f4 exf4 47. Kxf4 Rf2+ 48. Kg4 Rxh2 49. Rxd4 Re2 50. Rd7 Kf7 51. Ba3+ Kg8 52. Rd8+ Kh7 53. Bf8 Re4+ 54. Kf3 Re5 55. g4 Ra5 56. Rd7 Kg8 57. Bxg7 Ra3+ 58. Kg2 Ra2+ 59.
Kg3 Ra3+ 60. Kh4 Ra1 61. Bxf6 Ra6 62. Be5 Ra5 63. Bf4 1-0

[Event "Late-Titled-Tuesday-Blitz-May-28-2024"]
[Site "Chess.com"]
[Date "2024.05.28"]
[Round "8"]
[White "Valiyev_Shahin"]
[Black "lamomiajunior"]
[Result "1-0"]
[WhiteElo "2574"]
[BlackElo "2731"]
[TimeControl "180+1"]
[EndTime "15:29:10 PDT"]
[Termination "Valiyev_Shahin won by checkmate"]

1. e4 c5 2. Nf3 d6 3. d4 cxd4 4.
Nxd4 Nf6 5. Nc3 a6 6. Be3 e6 7. f3 h5 8. a4 b6 9. Bc4 Be7 10. O-O h4 11. Qe2 Qc7 12. Rad1 Nc6 13. Nxc6 Qxc6 14.
Bd4 Bd7 15. Bxa6 Nh5 16. Bb5 Qb7 17. Bxd7+ Qxd7 18. Bxb6 O-O 19. a5 Qb7 20. Qe3 Rfc8 21. Nb5 Rxc2 22. Nxd6 Qc6 23. e5 h3 24. gxh3 g5 25.
Rc1 Nf4 26. Kh1 Bxd6 27. exd6 Rxc1 28. Rxc1 Qxd6 29. Bc7 Qb4 30. Bxf4 gxf4 31. Rg1+ Kf8 32. Qe5 Rxa5 33. Qf6 Qd6 34. b4 Rf5 35. Qc3 Qd7 36.
Rc1 Rd5 37. Qh8+ Ke7 38. Qh4+ Kf8 39. Qxf4 Ke7 40. Kg2 Rd2+ 41. Kg3 Rd6 42. Qh4+ Ke8 43. Qh8+ Ke7 44. Qh4+ Ke8 45. Qf4 Ke7 46. Qg5+ Kf8 47. Qh6+ Ke7 48. b5 Qxb5 49. Qh4+ Ke8 50. Rc8+ Kd7 51.
Qd8# 1-0

[Event "Late-Titled-Tuesday-Blitz-May-28-2024"]
[Site "Chess.com"]
[Date "2024.05.28"]
[Round "8"]
[White "DanielNaroditsky"]
[Black "wonderfultime"]
[Result "0-1"]
[WhiteElo "3073"]
[BlackElo "3037"]
[TimeControl "180+1"]
[EndTime "15:29:13 PDT"]
[Termination "wonderfultime won by resignation"]

1. e4 e5 2. Nf3 Nc6 3. Bc4 Bc5 4.
c3 Nf6 5. d4 exd4 6. cxd4 Bb4+ 7. Nbd2 d5 8. exd5 Nxd5 9. O-O O-O 10. a3 Bxd2 11. Bxd2 h6 12. Re1 Be6 13. Rc1 Qd6 14.
h3 Rfe8 15. Bb5 Bd7 16. Ne5 Nxe5 17. dxe5 Qe6 18. Bd3 Bc6 19. Qe2 Rad8 20. b4 a6 21.
Rc5 Ne7 22. Bf4 Rd4 23. Be3 Rd7 24. Bc4 Qg6 25. Qg4 Qxg4 26. hxg4 Bd5 27. Bf1 Be6 28.
f3 Red8 29. Kf2 Nd5 30. Bc1 c6 31. Kg3 g5 32. Rc2 Kg7 33. Kf2 Nc7 34. Be3 Nb5 35. Bxb5 axb5 36. Bb6 Ra8 37. Re3 Bc4 38. Bc5 Rad8 39.
Bd6 f6 40. a4 Kg6 41. axb5 cxb5 42. Kg3 Re8 43. Re4 Bd3 44. Rc5 b6 45. Rc6 Bxe4 46.
fxe4 Re6 47. Rc8 fxe5 48. Bb8 Rd3+ 49. Kh2 Rd4 50. Rg8+ Kf7 51. Rh8 Kg7 52. Rc8 Rxe4 53. Rc7+ Kg6 54. Rb7 Rxg4 55. Bc7 Rxb4 56. Bd8 e4 57. Be7 Rc4 58. Bf8 e3 59. g4 Rxg4 60. Rg7+ Kh5 61. Rf7 Rf4 62. Bb4 Rxf7 63. Bd2 exd2 0-1

[Event "Late-Titled-Tuesday-Blitz-May-28-2024"]
[Site "Chess.com"]
[Date "2024.05.28"]
[Round "8"]
[White "Vladimir_Zakhartsov"]
[Black "AldokhinIvan"]
[Result "1-0"]
[WhiteElo "2872"]
[BlackElo "2644"]
[TimeControl "180+1"]
[EndTime "15:29:15 PDT"]
[Termination "Vladimir_Zakhartsov won by resignation"]

1. d4 Nf6 2. c4 g6 3. Nc3 Bg7 4.
e4 O-O 5. Be3 d6 6. h3 Nc6 7. d5 Nb4 8. a3 Na6 9. Bd3 e6 10. Nf3 Re8 11. O-O exd5 12. exd5 Nc5 13. Bc2 Nfe4 14. Nxe4 Nxe4 15. Bd4 Bxd4 16. Qxd4 Qf6 17.
Rfe1 Qxd4 18. Nxd4 Nf6 19. Nb5 Bd7 20. Rxe8+ Nxe8 21. Nd4 Nf6 22. f3 Re8 23. Kf2 Kg7 24. b4 h5 25. a4 h4 26. a5 Nh5 27. Ne2 Kf6 28. Rd1 Bf5 29. Ba4 Re7 30. Rd4 g5 31. Bd1 Bd7 32.
Bc2 Ng7 33. f4 Nf5 34. fxg5+ Kxg5 35. Rg4+ Kf6 36. Bxf5 Bxf5 37. Rxh4 Bd3 38. Ng3 a6 39. Rd4 Bg6 40. Rf4+ Ke5 41. Ke3 f5 42. Ne2 Kf6+ 43. Kd2 Kg5 44. Rf2 Bh5 45. Nf4 Bf7 46. Kd3 Re4 47.
g3 Bg8 48. Re2 Rxe2 49. Kxe2 Kf6 50. Ke3 Ke5 51. Nd3+ Kf6 52. Kd4 Kg5 53. Nf4 Kf6 54.
c5 Ke7 55. h4 Kf6 56. c6 bxc6 57. dxc6 Bf7 58. Nd5+ Bxd5 59. Kxd5 Kg6 60. b5 Kh5 61. bxa6 1-0

[Event "Late-Titled-Tuesday-Blitz-May-28-2024"]
[Site "Chess.com"]
[Date "2024.05.28"]
[Round "8"]
[White "Karttunen"]
[Black "Rud_Makarian"]
[Result "0-1"]
[WhiteElo "2676"]
[BlackElo "2956"]
[TimeControl "180+1"]
[EndTime "15:29:16 PDT"]
[Termination "Rud_Makarian won by resignation"]

1. e4 c5 2. Nf3 d6 3. d4 cxd4 4. Nxd4 Nf6 5. Nc3 a6 6. f3 h5 7.
Be3 e6 8. a4 Be7 9. Qd2 Qc7 10.
Be2 O-O 11. O-O Nc6 12. Nb3 b6 13. Rfd1 Bb7 14. Qe1 Ne5 15. Qf2 Ned7 16. Kh1 Rac8 17. Qg3 Rfe8 18. Bh6 g6 19. Bf4 Ne5 20. Be3 h4 21. Qf2 h3 22. g4 d5 23. Bxb6 Qb8 24. g5 dxe4 25. gxf6 exf3 26. Bxa6 Ng4 27. Bxb7 Nxf2+ 28. Bxf2 Bxf6 29. Bxc8 Rxc8 30. Rd3 Qb7 31. a5 Bh4 32. a6 Qa8 33. Rd2 Bxf2 34. Rxf2 Rc6 35. a7 Rb6 36. Ra5 Rb7 37. Nb5 Rxb5 38. Rxb5 Qxa7 39.
Rxf3 Qd7 40. Rb8+ Kg7 41. Kg1 Qd1+ 42. Kf2 Qxc2+ 43. Ke3 Qxh2 44. Nd2 Qxb8 45. Rxh3 Qxb2 46. Rf3 Qe5+ 47. Kf2 f5 48. Re3 Qd4 49. Ke2 e5 50.
Rd3 Qg4+ 51. Ke1 e4 52. Rd7+ Kh6 53. Rd8 Qh4+ 0-1

[Event "Late-Titled-Tuesday-Blitz-May-28-2024"]
[Site "Chess.com"]
[Date "2024.05.28"]
[Round "8"]
[White "Robert_Oros"]
[Black "DonMicheleCorleone"]
[Result "0-1"]
[WhiteElo "2423"]
[BlackElo "2511"]
[TimeControl "180+1"]
[EndTime "15:29:17 PDT"]
[Termination "DonMicheleCorleone won on time"]

1. d4 d5 2. c4 dxc4 3. Nf3 Nf6 4. e3 e6 5. Bxc4 c5 6. O-O Nc6 7. dxc5 Qxd1 8. Rxd1 Bxc5 9. a3 O-O 10. b4 Be7 11.
Bb2 b6 12. Nc3 Bb7 13. Nb5 Rac8 14. Bf1 Rfd8 15. Nfd4 Nxd4 16. Bxd4 a6 17. Na7 Rxd4 18.
Nxc8 Rxd1 19. Rxd1 Bxc8 20. Rc1 Bd7 21. Bxa6 Kf8 22.
f3 Ke8 23. e4 Kd8 24. Kf2 e5 25. Bc4 Be8 26. Rd1+ Kc7 27. Bb3 b5 28. g3 Nd7 29.
f4 Bd6 30. Ke3 f6 31. Be6 Nb6 32. Rc1+ Kb7 33. h4 Bc6 34. h5 h6 35. Bb3 Bd7 36. Bd5+ Nxd5+ 37. exd5 f5 38. Rf1 e4 39. Kd4 Be8 40. Rc1 Bxh5 41. Rc6 Bc7 42. Kc5 e3 43. Re6 e2 44. Re7 Kc8 45. d6 Bd8 46. Re5 Kd7 47.
Re3 Bf6 48. Kxb5 Kxd6 49. Kc4 Bf3 50. b5 Bd8 0-1

[Event "Late-Titled-Tuesday-Blitz-May-28-2024"]
[Site "Chess.com"]
[Date "2024.05.28"]
[Round "8"]
[White "Orest_Vovk"]
[Black "rhwr"]
[Result "1/2-1/2"]
[WhiteElo "2506"]
[BlackElo "2351"]
[TimeControl "180+1"]
[EndTime "15:29:17 PDT"]
[Termination "Game drawn - insufficient material"]

1. h4 e5 2. h5 h6 3. Nc3 Bc5 4. Nf3 Nf6 5. d4 exd4 6. Nxd4 O-O 7. Qd3 b6 8. Nf5 d5 9. Nxh6+ gxh6 10. Bxh6 Bxf2+ 11. Kd1 Re8 12. Bg5 Re5 13. Bh4 Bxh4 14. Rxh4 Ng4 15. Qg3 Qg5 16. Ke1 Nc6 17. e4 Nd4 18.
Bd3 c6 19. Kf1 Ne3+ 20. Kf2 Qxg3+ 21. Kxg3 dxe4 22. Nxe4 Nef5+ 23. Kf4 Rxe4+ 24. Kxe4 Nxh4 25. Kxd4 Be6 26. Rf1 Rd8+ 27. Kc3 Nxg2 28. Rg1 Bd5 29.
Bf1 Kh7 30. Bxg2 Rg8 31. Bxd5 Rxg1 32. Bxf7 Kh6 33. Bg6 a5 34. a4 Rg4 35. b3 b5 36.
axb5 cxb5 37. Kd3 a4 38. bxa4 bxa4 39. Kc3 Kg5 40. Kb2 Rh4 41. Be8 Kf6 42. Ka3 Ke5 43.
Bg6 Kd4 44. Kxa4 Kc3+ 45. Kb5 Rb4+ 46. Kc5 Rh4 47. Kd6 Kd4 48. Ke7 Ke5 49. Kf7 Kf4 50.
Kg7 Kg5 51. c4 Rxc4 52. h6 Rc7+ 53. Bf7 Rxf7+ 54. Kxf7 Kxh6 1/2-1/2

[Event "Late-Titled-Tuesday-Blitz-May-28-2024"]
[Site "Chess.com"]
[Date "2024.05.28"]
[Round "8"]
[White "tactic"]
[Black "IngOscarArdila"]
[Result "0-1"]
[WhiteElo "2539"]
[BlackElo "2298"]
[TimeControl "180+1"]
[EndTime "15:29:18 PDT"]
[Termination "IngOscarArdila won by checkmate"]

1. e4 e5 2. Nf3 Nf6 3. d4 Nxe4 4. Bd3 d5 5. Nxe5 Nd7 6. c4 Nxe5 7. dxe5 c6 8. Bxe4 dxe4 9. Qxd8+ Kxd8 10. Nc3 Be6 11. Nxe4 Bxc4 12. Bg5+ Kc7 13. a3 Re8 14. O-O-O Bd5 15.
Nc3 Bb3 16. Rd3 Bc5 17. Be3 Bc4 18. Bxc5 Bxd3 19. f4 b6 20. Bd6+ Kc8 21. Rd1 Bf5 22.
h3 h5 23. b4 f6 24. b5 Kb7 25. bxc6+ Kxc6 26. Rd4 fxe5 27. fxe5 Rc8 28. Rf4 g6 29. Kd2 Kd7 30. Ra4 a5 31. Nd5 Rc2+ 32. Ke3 Rxg2 33.
Nxb6+ Kc6 34. Kf3 Rh2 35. Nc4 Rxh3+ 36. Kf4 Kb5 37. Nb2 Rh4+ 38. Kg5 Rxa4 39. Nd1 Rd4 40. Ne3 Kc6 41. Be7 Be4 42. Kf6 Rb8 43. e6 Rb3 44. Nf1 Rf3+ 45. Ke5 Rxf1 46. Kxd4 Bf5 47. Bd8 Bxe6 48.
Bxa5 Rf5 49. Be1 g5 50. Ke4 g4 51. Bh4 Rf3 52. a4 Bb3 53. a5 Kb5 54. Bd8 Bc2+ 55. Kd4 g3 56. a6 Kxa6 57. Kd5 g2 58. Bb6 Kxb6 59. Kd4 g1=Q+ 60. Ke5 Qe3+ 61. Kd5 Rf5+ 62. Kd6 Qd4+ 63. Ke6 Rf6+ 64. Ke7 Qd6+ 65. Ke8 Rf8# 0-1

[Event "Late-Titled-Tuesday-Blitz-May-28-2024"]
[Site "Chess.com"]
[Date "2024.05.28"]
[Round "8"]
[White "alexrustemov"]
[Black "andrew-blr"]
[Result "1-0"]
[WhiteElo "2857"]
[BlackElo "2640"]
[TimeControl "180+1"]
[EndTime "15:29:20 PDT"]
[Termination "alexrustemov won by resignation"]

1. d4 d5 2. Bg5 f6 3. Bd2 Nc6 4. e3 e5 5. Bb5 exd4 6. exd4 Bf5 7. Ne2 Qd7 8. O-O a6 9. Ba4 Bd6 10. c4 Be6 11. Nbc3 Bb4 12. cxd5 Bxd5 13. Nxd5 Bxd2 14.
Qxd2 Qxd5 15. Nf4 Qg5 16. Rfe1+ Ne7 17. Bxc6+ bxc6 18. Re2 Kf7 19. Qb4 Rhe8 20. Ne6 Qg4 21. Rae1 Nd5 22. Qc5 Rxe6 23. Rxe6 Nf4 24. Re7+ Kg6 25.
Qxc6 Rd8 26. Qe4+ Kh6 27. g3 Nh3+ 28. Kg2 Qxe4+ 29. R1xe4 Ng5 30. Rh4+ Kg6 31. Rxc7 Rb8 32. b3 Rb4 33. Rc4 Rb6 34. Rg4 h5 35. Rf4 Ne6 36.
Re4 Kf7 37. h4 Rd6 38. Kf3 Nd8 39. Ke3 Nc6 40. b4 Na7 41. a4 Nc6 42. b5 axb5 43. axb5 Nd8 44. Rc5 Rb6 45. Kd3 Ne6 46. Kc4 Nxc5 47.
dxc5 Re6 48. Rxe6 Kxe6 49. b6 Kd7 50. Kd5 g5 51. c6+ Kc8 52. Ke6 gxh4 53. gxh4 f5 54. Kxf5 1-0

[Event "Late-Titled-Tuesday-Blitz-May-28-2024"]
[Site "Chess.com"]
[Date "2024.05.28"]
[Round "8"]
[White "Bala-Afiada"]
[Black "NMChessToImpress"]
[Result "1/2-1/2"]
[WhiteElo "2032"]
[BlackElo "2313"]
[TimeControl "180+1"]
[EndTime "15:29:24 PDT"]
[Termination "Game drawn - insufficient material"]

1. d4 e6 2. c4 Nf6 3. g3 d5 4. Nf3 Be7 5. Bg2 O-O 6. O-O dxc4 7. Ne5 Nc6 8. Bxc6 bxc6 9. Nxc6 Qe8 10. Nxe7+ Qxe7 11.
Qa4 e5 12. Qxc4 exd4 13. Qxd4 Qxe2 14. Nc3 Qa6 15. Bg5 Bh3 16. Rfe1 Qb7 17. Ne4 Rad8 18. Qe3 Rfe8 19. f3 Qxb2 20. Qf2 Qxf2+ 21. Nxf2 Be6 22.
Bxf6 gxf6 23. Ne4 Kg7 24. Rec1 Bd5 25. Rxc7 Bxe4 26. fxe4 Rxe4 27. Rac1 Rd2 28. R7c2 Re1+ 29. Rxe1 Rxc2 30. a4 a5 31. Re4 Ra2 32. Rf4 Kg6 33. h4 h5 34. Re4 Kf5 35. Rf4+ Kg6 36. Re4 f5 37. Rf4 Kf6 38. Rd4 Ke5 39. Rf4 Re2 40. Rc4 Re4 41. Rc5+ Kd4 42. Rxa5 f4 43. gxf4 Rxf4 44.
Ra7 Rxh4 45. Rxf7 Ke3 46. Re7+ Kf4 47. Rf7+ Kg3 48. a5 Ra4 49. Rg7+ Kh3 50. Kf2 Rxa5 51. Kf3 h4 52. Rg1 Ra3+ 53. Kf4 Rg3 54. Rh1+ Kg2 55. Rxh4 Rf3+ 56. Kg5 Ra3 57. Rg4+ Rg3 58. Rxg3+ Kxg3 1/2-1/2

[Event "Late-Titled-Tuesday-Blitz-May-28-2024"]
[Site "Chess.com"]
[Date "2024.05.28"]
[Round "8"]
[White "Tibmat"]
[Black "VD_coach"]
[Result "1-0"]
[WhiteElo "2681"]
[BlackElo "2530"]
[TimeControl "180+1"]
[EndTime "15:29:25 PDT"]
[Termination "Tibmat won by resignation"]

1. e4 c5 2. Nf3 d6 3. d4 cxd4 4.
Qxd4 a6 5. c4 e6 6. Nc3 Nf6 7.
Be2 Be7 8. O-O O-O 9. b3 Nbd7 10. Bb2 Qc7 11. Rac1 b6 12. Rfd1 Bb7 13. Qe3 Rac8 14. Nd4 Rfd8 15. Qg3 Bf8 16. f3 Qb8 17. Kh1 Ba8 18.
Bf1 Ne5 19. Qf2 Ng6 20. Rd2 Be7 21. Rcd1 Bb7 22. Nc2 Ba8 23. Ne3 h6 24. Qg3 Nd7 25. Ba3 Nc5 26. Bb2 Bf8 27. h4 Qc7 28. h5 Ne5 29. b4 Ncd7 30. f4 Nc6 31. a3 Bb7 32.
Be2 Ne7 33. Bf3 Kh8 34. Be2 Nf6 35. Bf3 Neg8 36. Qh4 Be7 37. Qg3 Bf8 38. Ne2 e5 39. Nd5 Bxd5 40. exd5 exf4 41. Qxf4 Re8 42. Ng3 Nd7 43.
Nf5 Ne5 44. Be2 Qd7 45. Rc1 Nf6 46. Rdc2 Kh7 47. Nxh6 gxh6 48. Qxf6 Bg7 49. Qf2 Ng4 50.
Bxg4 Qxg4 51. Bxg7 Kxg7 52. Rf1 Re7 53. Rc3 Rce8 54.
Rg3 f5 55. Rxg4+ fxg4 56. Qf6+ Kh7 57. Qg6+ Kh8 58. Qxh6+ Kg8 59. Qg6+ Kh8 60. Qf6+ Kg8 61. Qxd6 1-0

[Event "Late-Titled-Tuesday-Blitz-May-28-2024"]
[Site "Chess.com"]
[Date "2024.05.28"]
[Round "8"]
[White "brunoo2003"]
[Black "KNVB"]
[Result "0-1"]
[WhiteElo "2592"]
[BlackElo "2777"]
[TimeControl "180+1"]
[EndTime "15:29:26 PDT"]
[Termination "KNVB won by resignation"]

1. e4 b6 2. d4 Bb7 3. Bd3 e6 4. Qe2 d5 5. Nf3 dxe4 6. Bxe4 Bxe4 7. Qxe4 Qd5 8. Qxd5 exd5 9. Bf4 c6 10. Nbd2 f6 11. h4 h5 12. O-O-O Kf7 13. Rhe1 Ne7 14. Nf1 Nd7 15. Re2 Ng6 16. Bd2 Bd6 17. g3 Rhe8 18. Rde1 Rxe2 19. Rxe2 Ndf8 20. Ne3 Ne7 21. Ne1 Ne6 22.
c3 c5 23. dxc5 bxc5 24. N3g2 a5 25. Nd3 c4 26. Ndf4 Bxf4 27. Nxf4 Nxf4 28. Bxf4 a4 29.
Rd2 Rd8 30. Kc2 Nc6 31. Bc7 Rd7 32. Bb6 Ke6 33. Bc5 Kf5 34. Re2 g5 35. hxg5 fxg5 36. Re8 Rh7 37. Rf8+ Kg4 38. Bd6 h4 39. f3+ Kh3 40.
gxh4 gxh4 41. Rg8 d4 42. cxd4 Nxd4+ 43. Kd2 Nxf3+ 44. Kc3 Ne1 45. Kxc4 Rd7 46. Bb4 Nc2 47. Kb5 Rb7+ 48. Kxa4 Rxb4+ 49. Ka5 Rxb2 50. a4 Nd4 51. Ka6 Ra2 52. a5 Nb3 53. Kb5 Nxa5 54. Ra8 Kg3 55. Rg8+ Kh2 56. Rh8 h3 57. Rh7 Kg2 58. Rg7+ Kh1 59.
Rh7 h2 60. Kb4 Rf2 61. Kc3 Kg1 62. Kd3 h1=Q 0-1

[Event "Late-Titled-Tuesday-Blitz-May-28-2024"]
[Site "Chess.com"]
[Date "2024.05.28"]
[Round "8"]
[White "GoltsevDmitry2000"]
[Black "ccccvhhhj"]
[Result "0-1"]
[WhiteElo "2698"]
[BlackElo "2458"]
[TimeControl "180+1"]
[EndTime "15:29:26 PDT"]
[Termination "ccccvhhhj won by checkmate"]

1. e4 e6 2. d4 d5 3. exd5 exd5 4.
Nf3 Nf6 5. c4 Be7 6. Nc3 Bg4 7.
Bd3 c6 8. O-O O-O 9. Bg5 dxc4 10. Bxc4 Nbd7 11. h3 Bh5 12. Re1 Nb6 13. Bb3 Re8 14.
g4 Bg6 15. Ne5 Nbd5 16. Qf3 a5 17. Re2 Nxc3 18. bxc3 a4 19. Bc4 Nd5 20. Nxg6 Bxg5 21. Ne5 Bf6 22. Nxf7 Kxf7 23. Rxe8 Kxe8 24. Re1+ Be7 25. Qf5 Qd6 26. Qxh7 Kd7 27. Qxg7 Nf4 28. Qh7 Rf8 29. Re3 Qf6 30. Qe4 Bd6 31. Rf3 Rh8 32. Bf1 Re8 33. Qc2 Re1 34. d5 Qe5 35.
dxc6+ bxc6 36. Qf5+ Qxf5 37. gxf5 Ke7 38. Re3+ Rxe3 39. fxe3 Nd5 40. Kf2 Nxc3 41. Kf3 Nxa2 42.
h4 Nc3 43. Kg4 a3 44. Bc4 Be5 45. h5 Nb5 46. h6 Nd6 47. Be6 c5 48. h7 c4 49. Kg5 a2 50. Kg6 a1=Q 51. h8=Q Bxh8 52. Kg5 Qf6+ 53. Kf4 c3 54. Kf3 c2 55. Bc4 Nxc4 56.
e4 Qc3+ 57. Kg4 c1=Q 58. f6+ Bxf6 59. e5 Qd4+ 60. Kf5 Qcf4+ 61. Kg6 Qg4+ 62. Kh7 Qde4+ 63. Kh6 Qeg6# 0-1

[Event "Late-Titled-Tuesday-Blitz-May-28-2024"]
[Site "Chess.com"]
[Date "2024.05.28"]
[Round "8"]
[White "MrEscacs"]
[Black "JohnWhite1952"]
[Result "1-0"]
[WhiteElo "2190"]
[BlackElo "2008"]
[TimeControl "180+1"]
[EndTime "15:29:28 PDT"]
[Termination "MrEscacs won on time"]

1. e4 e6 2. d4 d5 3. e5 c5 4. c3 Nc6 5. Nf3 Qb6 6. a3 Bd7 7. b4 cxd4 8. cxd4 a5 9. b5 Na7 10. a4 Bb4+ 11. Bd2 Bxd2+ 12. Qxd2 Ne7 13. Bd3 Rc8 14. O-O h6 15. Nc3 O-O 16. Rac1 Rc7 17. Rc2 Rfc8 18. Rfc1 Be8 19. h4 Rd8 20. h5 Rcd7 21.
Ne2 Nf5 22. g4 Ne7 23. Nf4 Rc8 24. g5 hxg5 25. Nxg5 Rxc2 26. Bxc2 Nf5 27. Bxf5 exf5 28. e6 fxe6 29. Ngxe6 Re7 30. Qd3 Rxe6 31. Nxe6 Qxe6 32. Rc2 Bxh5 33. Rc7 Qg6+ 34. Kh2 Qd6+ 35. Qg3 Qxg3+ 36. Kxg3 Kh7 37. Kf4 Bg6 38. Ke5 Kh6 39. f4 Kh5 40.
Rxb7 Nc8 41. Rc7 Nb6 42. Rc6 Nxa4 43. b6 Nxb6 44. Rxb6 Be8 45. Ra6 a4 46. Kxd5 Bf7+ 47. Ke5 Be8 48. d5 Kg4 49. d6 g5 50. fxg5 Kxg5 51.
Ra8 Bc6 52. Rg8+ 1-0

[Event "Late-Titled-Tuesday-Blitz-May-28-2024"]
[Site "Chess.com"]
[Date "2024.05.28"]
[Round "8"]
[White "CristhianPortalR"]
[Black "BardArtem"]
[Result "0-1"]
[WhiteElo "2546"]
[BlackElo "2784"]
[TimeControl "180+1"]
[EndTime "15:29:31 PDT"]
[Termination "BardArtem won by checkmate"]

1. e4 e5 2. Nf3 Nc6 3. d4 exd4 4. Nxd4 Bb4+ 5. c3 Bc5 6. Be3 Bb6 7. Nf5 Bxe3 8.
Nxe3 Nf6 9. f3 O-O 10. c4 d6 11. Nc3 a5 12. Qd2 Nd7 13. h4 Nc5 14. h5 h6 15.
Ncd5 Nb4 16. Nxb4 axb4 17. Qxb4 f5 18. exf5 Bxf5 19. Nxf5 Rxf5 20. Qc3 Qe7+ 21. Kd1 Re5 22. Kc2 Re3 23. Qd2 Kh8 24. Rh3 Qe6 25. Qd4 Nb3 26. axb3 Rxa1 27. Rg3 Qe5 28. Qxe5 Rxe5 29. Bd3 Rxh5 30.
Be4 Rg5 31. Rxg5 hxg5 32. Bxb7 Rg1 33. g4 Rg2+ 34. Kc3 g6 35. Be4 Kg7 36. b4 Kf6 37. c5 Rf2 38. b3 Ke5 39. cxd6 cxd6 40. Kc4 Rf1 41. b5 d5+ 42. Bxd5 Rc1+ 43. Kb4 Kxd5 44. Ka5 Kd6 45. Kb6 Rb1 46. Kb7 Rxb3 47. b6 Kd7 48. Ka7 Kc6 49. b7 Rxb7+ 50. Ka8 Rb6 51. Ka7 Kc7 52. f4 gxf4 53. g5 f3 54. Ka8 Ra6# 0-1

[Event "Late-Titled-Tuesday-Blitz-May-28-2024"]
[Site "Chess.com"]
[Date "2024.05.28"]
[Round "8"]
[White "Genghis_K"]
[Black "Oleksandr_Bortnyk"]
[Result "1/2-1/2"]
[WhiteElo "2948"]
[BlackElo "3028"]
[TimeControl "180+1"]
[EndTime "15:29:33 PDT"]
[Termination "Game drawn - insufficient material"]

1. e4 Nf6 2. e5 Nd5 3. d4 d6 4. c4 Nb6 5. exd6 exd6 6. h3 Be7 7. Nf3 O-O 8. Bd3 Nc6 9. Nc3 Bf6 10. O-O Re8 11. Bf4 Nxd4 12. Nxd4 Bxd4 13. Bxh7+ Kxh7 14. Qxd4 Bf5 15. Rad1 Qh4 16. b3 Re6 17. Bg3 Qxd4 18.
Rxd4 a6 19. Rfd1 Rae8 20. f3 Re3 21. Nd5 Nxd5 22. Rxd5 Bg6 23. R5d2 a5 24. Bf4 Re2 25. Rxe2 Rxe2 26. Rd2 Rxd2 27. Bxd2 a4 28. bxa4 Bd3 29.
Ba5 b6 30. Bc3 Bxc4 31. a3 Kg6 32. Kf2 f6 33. g4 Kf7 34. a5 bxa5 35. Bxa5 c5 36.
h4 Ke6 37. h5 Bb3 38. Bb6 Bd1 39. Ke3 Kd5 40. Bd8 Ke6 41. Bb6 Ke5 42. Bc7 Ba4 43.
f4+ Ke6 44. g5 d5 45. h6 gxh6 46. gxh6 Bc2 47. a4 d4+ 48. Kd2 Be4 49. Bb6 Kd5 50.
a5 Kc6 51. Bd8 Kb5 52. Be7 Kxa5 53. Bxc5 d3 54. Bd4 Kb5 55. Ke3 Kc4 56. Bb6 Bh7 57. Ba5 Kb3 58. Kd4 Kc2 59. Kd5 d2 60. Bxd2 Kxd2 61.
Ke6 Ke3 62. f5 Kf4 63. Kxf6 Bxf5 64. h7 Bxh7 1/2-1/2

[Event "Late-Titled-Tuesday-Blitz-May-28-2024"]
[Site "Chess.com"]
[Date "2024.05.28"]
[Round "8"]
[White "MaiqMaster"]
[Black "Oleg_Papayan"]
[Result "1/2-1/2"]
[WhiteElo "2474"]
[BlackElo "2606"]
[TimeControl "180+1"]
[EndTime "15:29:33 PDT"]
[Termination "Game drawn by repetition"]

1. e4 d5 2. exd5 Qxd5 3. Nc3 Qd8 4. d4 c6 5. Nf3 Bf5 6. Bc4 e6 7. Be3 Be7 8. Qd2 Nf6 9. O-O O-O 10. Ne5 Nbd7 11.
Rad1 Bb4 12. Qe2 Qa5 13. Nxd7 Nxd7 14. Nb1 Nf6 15. c3 Bd6 16. a3 Qc7 17. h3 Nd5 18.
Nd2 b5 19. Bd3 Bg6 20. Ne4 Nf4 21. Bxf4 Bxf4 22. g3 Bd6 23. Nxd6 Qxd6 24. Bxg6 hxg6 25. Qe5 Rfd8 26. f4 a5 27. Kf2 b4 28. Qxd6 Rxd6 29. axb4 axb4 30. cxb4 Rb8 31. Rd2 Rxb4 32. Ke3 Rb3+ 33.
Rd3 Rxb2 34. Rc1 Rh2 35. h4 Rg2 36. Kf3 Rb2 37. Ke3 Rb4 38. g4 f6 39. Ra1 Kh7 40. Ra7 Rb5 41. Rc3 Rb4 42. Rd3 Rb1 43. Rc3 Rh1 44. g5 Rh3+ 45. Kd2 Rxd4+ 46. Kc2 Rxc3+ 47. Kxc3 Rxf4 48. Rc7 Kg8 49. Rc8+ Kh7 50. Rc7 e5 51. gxf6 Rxf6 52. Kd3 Rf4 53. Rxc6 Rxh4 54.
Ke3 Kh6 55. Re6 e4 56. Kf2 Kh5 57. Kg3 g5 58. Re8 Rf4 59. Rh8+ Kg6 60. Re8 Rf3+ 61. Kg4 Rf4+ 62. Kg3 Kf5 63. Rf8+ Kg6 64. Re8 1/2-1/2

[Event "Late-Titled-Tuesday-Blitz-May-28-2024"]
[Site "Chess.com"]
[Date "2024.05.28"]
[Round "8"]
[White "AlexeiShirov"]
[Black "Grischuk"]
[Result "1/2-1/2"]
[WhiteElo "2914"]
[BlackElo "3124"]
[TimeControl "180+1"]
[EndTime "15:29:43 PDT"]
[Termination "Game drawn by repetition"]

1. e4 e5 2. Nf3 Nc6 3. Bb5 a6 4. Ba4 Nge7 5. d4 exd4 6. Nxd4 Nxd4 7. Qxd4 Nc6 8. Qe3 b5 9. Bb3 Bd6 10. Nc3 O-O 11. O-O Bb7 12. Bd5 Rb8 13. a4 Nb4 14. Bb3 Ba8 15. axb5 axb5 16. Rd1 Qe7 17. Qg5 Qxg5 18.
Bxg5 Rfe8 19. Rd4 h6 20. Bh4 Nc6 21. Rdd1 Ne5 22. Bg3 Bc6 23. Nd5 Rb7 24. f3 Nc4 25. Ra2 Bxg3 26. hxg3 Bxd5 27. Rxd5 c6 28. Rd4 Ne5 29. c3 g6 30. Bd1 Kg7 31. Be2 g5 32. b4 Re7 33. Kf2 Rc7 34. Ke3 Ng6 35. f4 Nf8 36. Bg4 Ne6 37. Bxe6 dxe6 38. Ra5 c5 39. Rd3 cxb4 40. cxb4 Rb7 41. Rc3 Red7 42. fxg5 hxg5 43. Rc5 Kf6 44. Raxb5 Ra7 45. Rxg5 Ra3+ 46. Kf4 Rd2 47. e5+ Ke7 48. Rb7+ Kf8 49. Rb8+ Ke7 50. Rgg8 Rf2+ 51. Kg4 Kd7 52. Rgd8+ Kc6 53. Rbc8+ Kb5 54. Rd4 Rxg2 55. Kg5 Rgxg3+ 56. Kf6 Rgf3+ 57. Ke7 Ra7+ 58. Rd7 Rxd7+ 59. Kxd7 Kxb4 60. Ke7 Rf5 61. Kd6 Kb5 62. Rc7 Kb4 63. Rc8 Kb3 64. Rc7 Kb2 65. Rc8 Kb3 66. Rc7 Kb4 67.
Rc8 1/2-1/2